← All builds
Geo / Armada / Economy first / OBSERVED BUILD

Standard geo

Standard Geo economy-first play: geothermal by 3:26, T2 constructor by 4:55, advanced geothermal and vehicle plant around 7:07, transitioning into Starlight and T1 vehicles for front while supplying allies with cons and Lazarus.

Usually blows up the commander for T2 (66%)

#eco #t2 · 660 distinct matches · 107 players · 58% of Armada Geo games · team won 55% of 745 · Recently observed

HOW TO PLAY IT

Key timing: Geothermal Powerplant by 3:26

  1. Open mex and wind into Bot Lab.
  2. Rush geothermal for the early energy spike.
  3. Add Advanced Metal Extractor, then Advanced Geothermal by 7:07.
  4. Bring up Vehicle Plant alongside T2 con for "Starlight" and vehicles.
  5. Funnel "Starlight" and T1 vehicles to front, pay allies with cons and "Lazarus".

Phase by phase

TYPICAL OF ITS 660 GAMES
  1. 1
  2. 2
  3. 3
  4. 4
PLAY THE OPENING

Follow the example game's first 6:00 step by step: what to build now, what comes next, and where it goes. At 1× it keeps pace with your own game.

  1. 1

    Up to the Bot Lab

    Economy
    • Metal Extractor2Mex
    • Wind Turbine4Wind
    Order
    1. Bot LabBot Lab after 2 mex, 4 winddone ~1:12, middle half 0:58–1:22

    By 0:55 in all: 2 mex · 4 wind

    The example game in this phase · 3 steps
    1. Mex ×2
    2. Wind ×4
    3. Bot LabBot Labdone 0:58 · typical 1:12
  2. 2

    Bot Lab to 5:00

    Economy
    • Metal Extractor2Mex
    • Wind Turbine3Wind
    • Energy Converter8Converter
    • Energy Storage1Energy storage
    Order
    1. Geothermal PowerplantGeo after 4 mex, 5 wind, 1 energy storage
    Builders
    • Construction Turret5 Con turret
    • Lazarus4 Lazarus
    • Construction Bot2 Con bot
    • Construction Bot1 Con bot for allies
    • Lazarus1 Lazarus for allies

    By 5:00 in all: 4 mex · 6 wind · 1 geo · 8 converter · 1 energy storage · 5 con turret

    The example game in this phase · 20 steps
    1. Construction BotCon botfor Beach sea
    2. LazarusLazarus ×2
    3. Mex ×2
    4. LazarusLazarusfor Beach sea
    5. LazarusLazarus
    6. Construction BotCon bot
    7. LazarusLazarus
    8. TickTick
    9. Con turret
    10. TickTick
    11. Energy storage
    12. Geothermal PowerplantGeodone 3:30 · typical 3:26
    13. Con turret
    14. Converter ×7
    15. Con turret
    16. Converter
    17. Con turret
    18. Converter ×2
    19. Wind ×5
    20. Advanced Metal ExtractorT2 mexdone 5:13 · typical 5:34
  3. 3

    5:00 to Vehicle Plant

    Order
    1. Advanced Geothermal PowerplantAdvanced Geothermal Powerplant after 8 wind, 10 converter, 6 con turretin 61% of games
    2. Vehicle PlantVehicle Plant after 9 wind, 10 converter, 6 con turretdone ~7:07, middle half 6:43–7:41
    Builders
    • Construction Turret1 Con turret

    Some games also: converter (49%) · wind (47%)

    By 7:00 in all: 4 mex · 10 wind · 1 geo · 1 Advanced Geothermal Powerplant · 11 converter · 1 energy storage

    The example game in this phase · 18 steps
    1. Wind ×3
    2. Advanced Metal ExtractorT2 mex
    3. Wind ×2
    4. PrudePrudedone 7:02
    5. Wind
    6. Advanced Metal ExtractorT2 mex
    7. Wind ×2
    8. Aircraft PlantAircraft Plantdone 6:03
    9. BansheeBanshee ×2
    10. Advanced Metal ExtractorT2 mex
    11. BansheeBanshee ×3
    12. Mex
    13. Mexfor Beach sea
    14. Con turret
    15. BeholderBeholder
    16. Con turret
    17. FalconFighter
    18. Vehicle PlantVehicle Plantdone 7:27 · typical 7:07
  4. 4

    Vehicle Plant to 10:00

    Economy
    • Wind Turbine5Wind
    • Energy Converter3Converter
    Order
    1. Advanced Vehicle PlantAdvanced Vehicle Plant after 11 wind, 12 converter, 7 con turretin 80% of games
    Builders
    • Construction Turret1 Con turret
    • Construction Vehicle1 Con vehicle
    Army
    • Starlight2 Starlight
    • Umbra1 Jammer
    • Prophet1 Radar vehicle

    Some games also: T2 con vehicle for allies (48%) · Jaguar (31%)

    By 10:00 in all: 4 mex · 19 wind · 1 geo · 1 Advanced Geothermal Powerplant · 16 converter · 1 energy storage

    The example game in this phase · 90 steps
    1. BeholderBeholder
    2. SentrySentry
    3. FalconFighter
    4. BeaverBeaver
    5. Wind
    6. FalconFighter
    7. GroundhogGroundhog
    8. FalconFighterfor Air
    9. Wind
    10. Advanced Vehicle PlantAdvanced Vehicle Plantdone 8:05 · typical 8:09
    11. Wind
    12. FalconFighterfor Air
    13. Wind ×2
    14. FalconFighterfor Air
    15. Wind
    16. FalconFighterfor Air
    17. Wind
    18. ProphetRadar vehicle
    19. FalconFighterfor Air
    20. Wind ×2
    21. UmbraJammer
    22. FalconFighterfor Air
    23. Wind
    24. StarlightStarlightdone 8:53 · typical 9:06
    25. Wind
    26. FalconFighterfor Air
    27. Wind ×2
    28. FalconFighterfor Air
    29. Wind ×3
    30. FalconFighterfor Air
    31. StarlightStarlight
    32. Wind
    33. FalconFighter
    34. Wind
    35. Construction AircraftCon aircraft
    36. Wind ×4
    37. StarlightStarlight
    38. Wind ×2
    39. Advanced Metal ExtractorT2 mexfor Beach sea
    40. Wind ×2
    41. JunoJuno
    42. Wind
    43. Converter
    44. StarlightStarlight
    45. Advanced Metal ExtractorT2 mex
    46. Medium MineMedium Mine
    47. Advanced Construction VehicleT2 con vehiclefor Front
    48. Wind ×2
    49. Medium MineMedium Mine
    50. Converter
    51. Wind
    52. Medium MineMedium Mine
    53. Converter
    54. Wind
    55. Medium MineMedium Mine
    56. StarlightStarlight
    57. Wind ×3
    58. UmbraJammer
    59. Wind ×3
    60. ProphetRadar vehicle
    61. Wind
    62. Radar TowerRadar Tower
    63. Wind ×2
    64. Advanced Metal ExtractorT2 mex
    65. Wind ×7
    66. Advanced Construction VehicleT2 con vehicle
    67. Wind ×3
    68. ConsulConsul
    69. Wind
    70. CitadelAnti-nukedone 13:28
    71. CorsairDestroyerdone 12:28
    72. Wind ×10
    73. JaguarJaguar
    74. Wind
    75. JaguarJaguar
    76. Wind ×2
    77. JaguarJaguar
    78. Construction ShipCon ship
    79. Wind ×2
    80. JaguarJaguar ×2
    81. Wind ×6
    82. ProphetRadar vehicle
    83. Wind
    84. Con turret
    85. UmbraJammer
    86. Wind ×2
    87. Advanced ShipyardAdvanced Shipyardnot finished by 15:00
    88. Wind
    89. Con turret
    90. Fusion ReactorFusionnot finished by 15:00

Counts are medians over the build's games: half of them build more, half fewer. The example game is 0neTw0's (41 OS, 19/09/2026); pick another.

Team trades

IN AT LEAST 30% OF ITS GAMES

You hand over

  • Lazarus1 Lazarus to Beach seafirst at 2:16 · in 78% of games
  • Construction Bot1 Con bot to Beach seafirst at 2:31 · in 88% of games
  • Advanced Construction Vehicle1 T2 con vehicle to Suicide front or Frontfirst at 8:52 · in 61% of games

You get

  • Hercules1 Light transport from Airfirst at 4:19 · in 35% of games
  • Advanced Construction Bot1 T2 con bot from Techfirst at 4:48 · in 95% of games

How it plays out

Typical game of this build, running totals by minute

Metal produced

020k40k
0:005:0010:0015:00

metal

Enemy metal destroyed

05k10k15k
0:005:0010:0015:00

metal

Own metal lost

02.5k5k7.5k
0:005:0010:0015:00

metal

745 games.

Show as table
ByMetal produced: This buildEnemy metal destroyed: This buildOwn metal lost: This build
1:0033300
2:0082500
3:00152300
4:00270000
5:00372600
6:00572900
7:00813000
8:0011459021
9:001448951130
10:0017405565280
11:00203772074790
12:002330539401940
13:002606259613304
14:002898883214785
15:0031497101726196
WHAT THE NUMBERS SAY

Standard Geo build dominates the resource numbers, with zero own losses through 10:00 and a huge metal lead by 15:00.

  • + Metal produced hits 31426 by 15:00, highest of all six builds
  • + Own metal lost is 0 by 5:00 and only 334 by 10:00
  • − First Starlight only arrives in 57% of games by 9:19
  • − Advanced geothermal lands in just 69% of games by 7:16
THE EXAMPLE YOU ARE READING

0neTw0

40.8 OS · 19/09/2026

Open source match ↗

3 received units · includes a constructor
2878 metal received · 24343 energy received

Allied construction assistance is unknown. Timings are observations, not a promise of solo reproducibility.

Typical milestones

Bot Lab1:12Middle 50%: 0:58–1:22 · n=744
Geothermal Powerplant3:26Middle 50%: 3:10–3:42 · n=743
Advanced Metal Extractor5:34Middle 50%: 5:19–5:56 · n=742
Advanced Geothermal Powerplant7:06Middle 50%: 6:49–7:34 · n=552
Vehicle Plant7:07Middle 50%: 6:43–7:41 · n=705
Advanced Vehicle Plant8:09Middle 50%: 7:41–8:54 · n=669
Starlight9:06Middle 50%: 8:32–9:53 · n=583

Played most by

zeus_on_god76games of this build0neTw074games of this buildViltrum53games of this buildDamsko35games of this buildXad35games of this build